 Dungeon Crawl Stone Soup version 0.31-a0-618-g7ca08c1ff9 (webtiles) character file.

Game seed: 3084325579480313979

357 Dittersdorf the Covered (level 6, -4/40 HPs)
             Began as a Gargoyle Fighter on Aug 22, 2023.
             Killed by divine providence
             ... invoked by an orc priest
              (13 damage)
             ... on level 4 of the Dungeon.
             The game lasted 00:03:14 (2679 turns).

Dittersdorf the Covered (Gargoyle Fighter)          Turns: 2679, Time: 00:03:15

Health: -4/40      AC: 11    Str: 22    XL:     6   Next: 64%
Magic:  6/6        EV: 10    Int:  8    God:
Gold:   159        SH:  4    Dex:  9    Spells: 5/5 levels left

rFire   + . .        a - +0 flail
rCold   . . .        c - +0 buckler
rNeg    + . .        n - +0 ring mail {rF+}
rPois   ∞            (no helmet)
rElec   +            (no cloak)
rCorr   .            e - +0 pair of gloves
SInv    .            (no boots)
Will    .....        (no amulet) Stlth
                     (no ring)
HPRegen 0.26/turn    (no ring)
MPRegen 0.10/turn

%: no passive effects
@: no status effects
A: sickness immunity, AC +4, negative energy resistance 1, electricity
resistance, torment resistance 1, petrification resistance
a: no special abilities


You were on level 4 of the Dungeon.
You visited 1 branch of the dungeon, and saw 4 of its levels.

You collected 159 gold pieces.

Inventory:

Hand Weapons
 a - a +0 flail (weapon)
Missiles
 b - 5 poisoned darts (quivered)
Armour
 c - a +0 buckler (worn)
 e - a +0 pair of gloves (worn)
 n - a +0 ring mail of fire resistance (worn)
Wands
 o - a wand of flame (25)
Potions
 d - a potion of might
 i - 5 potions of mutation
 k - 2 potions of attraction {unknown}
 l - a potion of invisibility


   Skills:
 + Level 4.9 Fighting
 + Level 3.6 Maces & Flails
 + Level 4.9 Armour
 + Level 4.8 Shields


You had 5 spell levels left.
You didn't know any spells.
Your spell library contained the following spells:

 Spells                   Type           Power      Damage    Failure   Level
 Wereblood                Tmut           0%         N/A       77%         2
 Irradiate                Conj/Tmut      0%         3d11      100%        5


Dungeon Overview and Level Annotations

Branches:
Dungeon (4/15)
 Temple: D:4-7

Altars:
Dithmenos
Yredelemnul


Innate Abilities, Weirdness & Mutations

You are immune to sickness and miasma.
Your stone body is resilient. (AC +4)
You are immune to poison.
You resist negative energy. (rN+)
You are resistant to electric shocks. (rElec)
You are resistant to unholy torment.
You are immune to petrification.


Message History

The black bear bites you but does no damage.
The black bear closely misses you.
The black bear claws you but does no damage.
An endoplasm comes into view.
The endoplasm quivers.
An endoplasm comes into view.
The endoplasm freezes you.
You are frozen.
The endoplasm hits you but does no damage.
The endoplasm freezes you.
You are frozen.
* * * LOW HITPOINT WARNING * * *
A quokka comes into view.
The endoplasm attacks as it pursues you!
The endoplasm barely misses you.
The orc wizard mumbles some strange words.
The orc wizard flickers and vanishes!
Deactivating autopickup; reactivate with Ctrl-A.
The endoplasm attacks as it pursues you!
You block the endoplasm's attack.
The endoplasm attacks as it pursues you!
You block the endoplasm's attack.
A jackal comes into view.
Found 15 gold pieces.
Found an escape hatch in the floor.
The jackal barks!
A jackal comes into view.
You closely miss the quokka.
The jackal barks!
You block the endoplasm's attack. The endoplasm freezes you.
You are frozen.
* * * LOW HITPOINT WARNING * * *
The quokka bites you but does no damage.
The endoplasm barely misses you.
Found 9 gold pieces.
The quokka bites you but does no damage.
The quokka bites you but does no damage.
The orc priest invokes the aid of Beogh against you.
Beogh smites you!
You die...

#. ..$.....# #.
....$...# #######.
........# #.......
........# #.$.....
..>..h..# #.......
........#########.......
#...hrJ.......#######
##..@J.h.o.o..#
##.....o.....#
#....######..... #......
......# #...#### ......#
#...# #.....# #...#
#.....# #...# ....


You could see a black bear, an orc priest, 2 orcs, 2 endoplasms, a quokka and 2
jackals.

Vanquished Creatures
  Grinder (D:3)
  A scorpion (D:3)
  An orc priest (D:2)
  2 adders
  3 worms
  A dart slug (D:1)
  4 orcs
  7 ball pythons
  3 bats
  7 endoplasms
  4 goblins
  5 hobgoblins
  A quokka (D:1)
  3 frilled lizards
  5 kobolds
  4 rats
52 creatures vanquished.

Notes
Turn   | Place    | Note
-------+----------+-------------------------------------------
     0 | D:1      | Dittersdorf the Gargoyle Fighter began the quest for the
                  | Orb.
     0 | D:1      | Reached XP level 1. HP: 14/14 MP: 1/1
   114 | D:1      | Reached XP level 2. HP: 17/19 MP: 2/2
   668 | D:2      | Reached XP level 3. HP: 20/23 MP: 3/3
  1556 | D:3      | Noticed a scorpion
  1563 | D:3      | Killed a scorpion
  1564 | D:3      | Reached XP level 4. HP: 16/29 MP: 4/4
  1641 | D:3      | Found a faded altar of an unknown god.
  1692 | D:3      | Reached XP level 5. HP: 31/33 MP: 5/5
  2062 | D:3      | Found a basalt altar of Yredelemnul.
  2385 | D:3      | Found a shadowy altar of Dithmenos.
  2420 | D:3      | Noticed Grinder
  2435 | D:3      | Killed Grinder
  2436 | D:3      | Reached XP level 6. HP: 28/40 MP: 6/6
  2648 | D:4      | Noticed a black bear
  2679 | D:4      | Killed from afar by an orc priest

Illustrated notes

Levels and vault maps discovered:
D:1:      psy_arrival_conway, layout_basic
D:2:      layout_rooms
D:3:      layout_loops_ring, lemuel_crystal_altar,
          nicolae_dithmenos_shadow_blocks,
          shapermc_ecumenical_altar_starsandcircs, nicolae_figureground_pulse,
          uniq_grinder
D:4:      layout_basic, serial_shops, nicolae_shop_statue_plus

Skill      XL: |  1  2  3  4  5 |
---------------+----------------+-----
Fighting       | 4 |  4.9
Armour         | 4 |  4.9
Shields        | 4 |  4.8
Maces & Flails | 3 |  3.6

Action                     |  1- 3 |  4- 6 || total
---------------------------+-------+-------++-------
  Melee: Flail             |   100 |    86 ||   186
    Use: Scroll            |       |     6 ||     6
 Armour: Scale mail        |    40 |    18 ||    58
         Ring mail         |       |    44 ||    44
  Dodge: Dodged            |    39 |    55 ||    94
  Block: Buckler           |    17 |    24 ||    41

Table legend: (Time is in decaauts)
 A = Elapsed time spent in this place.
 B = Non-inter-level travel time spent in this place.
 C = Inter-level travel time spent in this place.
 D = Time resting spent in this place.
 E = Time spent auto-exploring this place.
 F = Levels seen in this place.
 G = Mean time per level.
                   A        B        C        D        E       F      G
               +--------+--------+--------+--------+--------+-----+--------+
         Total |   2741 |   2686 |     55 |     46 |   2110 |   4 |  685.2 |
       Dungeon |   2741 |   2686 |     55 |     46 |   2110 |   4 |  685.2 |
               +--------+--------+--------+--------+--------+-----+--------+

Top non-repeatable levels by time:
     D:3: 1057 daAuts
     D:2: 958 daAuts
     D:1: 684 daAuts
     D:4: 40 daAuts
